 Dungeon Crawl Stone Soup version 0.20-a0-555-gf6ae02d (webtiles) character file.

113 M4edhros the Sneak (level 4, -2/28 HPs)
             Began as an Octopode Artificer on Feb 4, 2017.
             Was an Initiate of Gozag.
             Slain by a steam dragon (6 damage)
             ... on level 3 of the Dungeon.
             The game lasted 00:06:10 (2164 turns).

M4edhros the Sneak (Octopode Artificer)             Turns: 2164, Time: 00:06:11

Health: -2/28      AC:  3    Str: 11    XL:     4   Next: 96%
Magic:  6/6        EV: 10    Int: 13    God:    Gozag
Gold:   363        SH:  6    Dex: 13    Spells: 3/3 levels left

rFire    . . .     SeeInvis .   a - +0 short sword
rCold    . . .     Gourm    .   t - +0 shield
rNeg     . . .     Faith    .   p - +2 hat
rPois    .         Spirit   .   (no amulet)
rElec    .         Reflect  .   (no ring)
rCorr    .         Harm     .   (no ring)
MR       .....                  (no ring)
Stlth    +++++.....             (no ring)
Regen    0.1/turn               (no ring)
                                (no ring)
                                (no ring)
                                (no ring)

@: lethally poisoned (-2 -> -5), gold aura
A: almost no armour, stealthy swim, amphibious, 8 rings, constrict 8, camouflage
1, gelatinous body 1
a: Potion Petition, Call Merchant, Bribe Branch, Renounce Religion


You were on level 3 of the Dungeon.
You worshipped Gozag.
Gozag was aware of your devotion.
You were near starving.

You visited 2 branches of the dungeon, and saw 5 of its levels.

You collected 458 gold pieces.
You paid 95 gold pieces to Gozag.

Inventory:

Hand Weapons
 a - a +0 short sword (weapon)
 k - a +0 hand axe of chopping
 s - a +0 hunting sling
Missiles
 j - 24 sling bullets
 n - 64 stones (quivered)
Armour
 p - a +2 hat (worn)
 t - a +0 shield (worn)
Jewellery
 r - an uncursed ring of flight {unknown}
 w - an uncursed amulet of rage {unknown}
Wands
 b - a wand of flame (7/48)
 c - a wand of enslavement (15/24)
 d - a wand of random effects (15/48)
Scrolls
 e - 2 scrolls of identify {unknown}
 h - a scroll of noise {unknown}
 m - a scroll of teleportation {unknown}
 o - a scroll of recharging {unknown}
 q - 2 scrolls of fog {unknown}
 x - 3 scrolls of remove curse {unknown}
Potions
 g - a potion of flight {unknown}
 u - a potion of might {unknown}
 v - a potion of haste {unknown}
Comestibles
 f - 2 bread rations
 i - 2 royal jellies
 l - a meat ration


   Skills:
 - Level 1.0 Fighting
 - Level 1.0 Short Blades
 * Level 2.1 Slings
 - Level 2.0 Dodging
 + Level 5.5 Stealth
 - Level 3.2 Evocations


You had 3 spell levels left.
You didn't know any spells.

Dungeon Overview and Level Annotations

Branches:
Dungeon (4/15)             Temple (1/1) D:4

Altars:
Ashenzari
Dithmenos
Fedhas
Gozag
Hepliaklqana
Kikubaaqudgha
Makhleb
Nemelex Xobeh
Qazlal
Ru
Trog
Vehumet
Xom
Yredelemnul

Shops:
D:4 *


Innate Abilities, Weirdness & Mutations

You cannot wear most types of armour.
You are very stealthy in the water. (Stealth+)
You are amphibious.
You can wear up to eight rings at the same time.
You can use your tentacles to constrict eight enemies at once.
Your skin changes colour to match your surroundings (Stealth+).
Your rubbery body absorbs attacks. (AC +1, EV +1)


Message History

The adder is severely wounded.
You feel sick. You block the adder's attack. The adder barely misses you.
Your shield prevents you from hitting the adder.
Your grab misses the adder.
The adder is severely wounded.
The adder barely misses you. "Hum-dee-hum-dee-hum..."
The adder evaporates and reforms as a steam dragon!
You hit the steam dragon.
The steam dragon is heavily wounded.
You feel sick.
The orc is no longer distracted by gold.
You closely miss the steam dragon. Your squeeze misses the steam dragon.
The steam dragon is heavily wounded.
The steam dragon bites you! The steam dragon closely misses you.
The steam dragon bites you!
* * * LOW HITPOINT WARNING * * *
The steam dragon claws you.
You die...
Your body crumbles into a pile of gold.

.....≈.≈........#
...≈.≈≈.≈..≈≈≈.#
....≈≈≈≈≈≈≈≈≈≈))#
.....≈≈≈≈≈≈≈≈≈..##
.>..≈.≈≈≈≈≈≈≈≈≈...###.
##...≈≈≈≈≈♣.≈≈≈≈........
#....≈.≈≈≈._.≈≈≈≈≈####..
#......≈≈≈≈.≈≈≈≈≈.#
##......≈≈≈D@≈≈≈≈..####
.......≈≈≈≈≈≈o≈≈≈≈..)...
#)...≈.≈$≈≈≈≈≈≈≈..####.
#o...≈.≈..o.≈.≈≈.≈...#
#..!.≈....≈.≈....≈.#.#
#.....###.########...#
#..... #.# #..# #.....
..# ..# #####. ...# .#


You could see a steam dragon and 2 orcs.

Vanquished Creatures
  Ijyb (D:3)
  The ghost of M4edhros the Charlatan, a weakling OpAr (D:3)
  2 adders
  A dart slug (D:2)
  A leopard gecko (D:2)
  5 orcs (D:3)
  A ball python (D:1)
  6 bats
  3 giant cockroaches (D:1)
  3 goblins (D:3)
  7 hobgoblins
  2 jackals (D:1)
  A quokka (D:2)
  2 frilled lizards
  3 kobolds
  6 rats
45 creatures vanquished.

Notes
Turn   | Place    | Note
-------+----------+-------------------------------------------
     0 | D:1      | M4edhros the Octopode Artificer began the quest for the Orb.
     0 | D:1      | Reached XP level 1. HP: 13/13 MP: 3/3
   216 | D:3      | Reached skill level 2 in Stealth
   288 | D:4      | Found Jucyiv's Elemental Accessories.
   376 | D:4      | Reached skill level 3 in Stealth
   376 | D:4      | Reached XP level 2. HP: 11/18 MP: 4/4
   387 | D:4      | Found a staircase to the Ecumenical Temple.
   407 | Temple   | Entered the Ecumenical Temple
   437 | Temple   | Became a worshipper of Xom of Chaos
   444 | Temple   | Fell from the grace of Xom
   444 | Temple   | Became a worshipper of Gozag Ym Sagoz the Greedy
   632 | D:2      | XOM: 2-stop teleportation journey
   729 | D:1      | Reached skill level 4 in Stealth
   792 | D:1      | Reached XP level 3. HP: 23/23 MP: 5/5
  1385 | D:2      | Found a blossoming altar of Fedhas.
  1389 | D:2      | Found a basalt altar of Yredelemnul.
  1796 | D:2      | Reached skill level 1 in Slings
  1842 | D:3      | Reached XP level 4. HP: 28/28 MP: 6/6
  1858 | D:3      | Reached skill level 5 in Stealth
  1880 | D:3      | Noticed M4edhros's ghost (weakling OpAr)
  1890 | D:3      | Killed M4edhros's ghost
  2069 | D:3      | Noticed Ijyb
  2086 | D:3      | Killed Ijyb
  2104 | D:3      | Found a faded altar of an unknown god.
  2104 | D:3      | XOM: 2-stop teleportation journey
  2162 | D:3      | Noticed a steam dragon
  2162 | D:3      | an adder changed into a steam dragon
  2162 | D:3      | XOM: polymorph adder -> steam dragon
  2164 | D:3      | Slain by a steam dragon

Vault maps used:
D:1:      lightli_arrival_noodles
D:2:      minitemple, first_bread
D:3:      kennysheep_okawaru_gauntlet, chequers_ecumenical_altar_island,
          uniq_iyjb
D:4:      marbit_many_paths, temple_pool_b, nicolae_elemental_shop
Temple:   minmay_temple_bridge_abc

Skill      XL: |  1  2  3  4 |
---------------+-------------+-----
Stealth        | 3 4 5 |  5.5
Slings         | 1 2 |  2.1
Fighting       | |  1.0
Short Blades   | |  1.0
Dodging        | |  2.0
Evocations     | |  3.2

Action                   |  1- 3 |  4- 6 || total
-------------------------+-------+-------++-------
Melee: Short sword       |    21 |    37 ||    58
       Constrict         |    15 |     8 ||    23
       Tentacles         |     6 |     3 ||     9
       Hand axe          |    46 |       ||    46
Evoke: Wand              |     1 |     7 ||     8
 Stab: Sleeping          |    13 |     1 ||    14
  Eat: Royal jelly       |     1 |       ||     1
Armor: Skin              |     5 |     4 ||     9
Dodge: Dodged            |    50 |    14 ||    64
Block: Shield            |       |    11 ||    11
